 Dungeon Crawl Stone Soup version 0.21-a0-508-gf08a75f26b (webtiles) character file.

44 Banto the Poker (level 3, -2/27 HPs)
             Began as a Demonspawn Gladiator on Nov 28, 2017.
             Slain by Crazy Yiuf
             ... wielding a +2 quarterstaff of chaos
              (6 damage)
             ... on level 2 of the Dungeon.
             The game lasted 00:01:27 (1425 turns).

Banto the Poker (Demonspawn Gladiator)              Turns: 1425, Time: 00:01:28

Health: -2/27      AC:  6    Str: 14    XL:     3   Next: 41%
Magic:  2/3        EV:  2    Int: 10    God:
Gold:   104        SH:  0    Dex: 14    Spells: 2/2 levels left

rFire    . . .     SeeInvis .   a - +0 trident
rCold    . . .     Gourm    .   (no shield)
rNeg     + + +     Faith    .   b - +0 leather armour
rPois    ∞         Spirit   .   c - +0 helmet
rElec    .         Reflect  .   (no cloak)
rCorr    .         Harm     .   (no gloves)
MR       .....                  (no boots)
Stlth    ++........             (no amulet)
HPRegen  0.09/turn              (no ring)
MPRegen  0.08/turn              (no ring)

@: petrified, flying
A: molten scales 1, nightstalker 1
a: no special abilities


You were on level 2 of the Dungeon.
You were not hungry.

You visited 1 branch of the dungeon, and saw 2 of its levels.

You collected 104 gold pieces.

Inventory:

Hand Weapons
 a - a +0 trident (weapon)
Missiles
 d - 3 throwing nets (quivered)
Armour
 b - a +0 leather armour (worn)
 c - a +0 helmet (worn)
Jewellery
 g - an uncursed ring of poison resistance {unknown}
 m - a +5 ring of intelligence {unknown}
Scrolls
 i - 5 scrolls of remove curse {unknown}
 j - a scroll of enchant armour {unknown}
 l - a scroll of magic mapping {unknown}
Potions
 n - a potion of agility {unknown}
 q - a potion of degeneration {unknown}
Comestibles
 f - 2 bread rations
 h - a royal jelly
 o - a meat ration


   Skills:
 - Level 2.0 Fighting
 + Level 3.4 Polearms
 - Level 1.7 Throwing
 + Level 3.4 Dodging


You had 2 spell levels left.
You didn't know any spells.

Dungeon Overview and Level Annotations

Branches:
Dungeon (2/15)

Altars:
Dithmenos
Uskayaw

Annotations:
D:2 Crazy Yiuf


Innate Abilities, Weirdness & Mutations

You are partially covered in molten scales. (AC +2)
You are slightly more attuned to the shadows.


Message History

Crazy Yiuf is severely wounded.
You feel sick.
Crazy Yiuf hits you with a quarterstaff of chaos!
* * * LOW HITPOINT WARNING * * *
You are slowing down.
You take 14 damage, and have 2/27 hp.
MASSIVE DAMAGE!!
It was a potion of curing.
You feel better. Crazy Yiuf closely misses you.
Your limbs are stiffening.
You regained 5 hp, and now have 7/27 hp.
Unknown command.
It was a potion of flight.
You feel very buoyant.
You fly up into the air.
Crazy Yiuf barely misses you.
You have turned to stone.
Crazy Yiuf cries, "Proton shoe seventy!"
Crazy Yiuf hits you with a quarterstaff of chaos!
* * * LOW HITPOINT WARNING * * *
Crazy Yiuf burns you.
Crazy Yiuf hits you with a quarterstaff of chaos!
You die...

#..# #.#
#..##.....
##.# #.#
##.##.####
#.# ###
#.##.....
#.#
#.##.####
#.# #####
#.#..# #.#
#)..#
#....## #.#
#...#
##.....###
#.# #.g.#
#.........
#.# #@#
##.....###
#.# ♣.♣♣
#.....## #.#
♣♣.♣
#.#....##
#.# ♣.♣♣
####.#..#..#
#[# ♣♣.♣
#.<....###..
#.### ♣♣.♣♣
#####..)#..#
#...# ♣♣...♣
#..÷..##
##### ♣....♣
#..#.##
#....#
#..#.###


You could see Crazy Yiuf.

Vanquished Creatures
  An adder (D:2)
  2 leopard geckos (D:2)
  A ball python (D:2)
  4 goblins
  9 hobgoblins
  2 bats
  4 frilled lizards
  5 kobolds
  4 rats
32 creatures vanquished.

Notes
Turn   | Place    | Note
-------+----------+-------------------------------------------
     0 | D:1      | Banto the Demonspawn Gladiator began the quest for the Orb.
     0 | D:1      | Reached XP level 1. HP: 16/16 MP: 1/1
   177 | D:1      | Gained mutation: You are partially covered in molten scales. (AC +2) [demonic ancestry]
   177 | D:1      | Reached XP level 2. HP: 22/22 MP: 2/2
   590 | D:2      | Noticed a hand axe
   591 | D:2      | Noticed a dagger
   832 | D:2      | Found a hide-covered altar of Uskayaw.
   976 | D:2      | Gained mutation: You are slightly more attuned to the shadows. [demonic ancestry]
   976 | D:2      | Reached XP level 3. HP: 27/27 MP: 3/3
  1190 | D:2      | Found a shadowy altar of Dithmenos.
  1238 | D:2      | Found a runed door.
  1409 | D:2      | Noticed Crazy Yiuf
  1425 | D:2      | Slain by Crazy Yiuf

Vault maps used:
D:1:      dpeg_arrival_connections, minmay_misc_feat_enclosed, minmay_unequal
D:2:      dancing_weapons_uskayaw, lemuel_coloured_pillars_altar,
          serial_bayou_crossing, uniq_crazy_yiuf_cottage

Skill      XL: |  1 |
---------------+----+-----
Polearms       | 3 |  3.4
Dodging        | 3 |  3.4
Fighting       | |  2.0
Throwing       | |  1.7

Action                   || total
-------------------------++-------
Melee: Trident           ||    94
  Use: Potion            ||     2
 Stab: Sleeping          ||     8
  Eat: Chunk             ||     2
Armor: Leather armour    ||    23
Dodge: Dodged            ||    39

Table legend:
 A = Spawn XP
 B = Non-spawn XP
 C = Spawn XP percentage of total XP
 D = Spawn monster count
 E = Non-spawn monster count
 F = Spawn count percentage of total count
 G = Total turns spent on level
                    A         B        C        D         E        F      G
               +---------+---------+-------+---------+---------+-------+---------
         Total |       0 |      64 |   0.0 |       0 |      32 |   0.0 |  1425
               +---------+---------+-------+---------+---------+-------+---------
           D:1 |       0 |      23 |   0.0 |       0 |      14 |   0.0 |   590
           D:2 |       0 |      41 |   0.0 |       0 |      18 |   0.0 |   835
               +---------+---------+-------+---------+---------+-------+---------

Table legend:
 A = Turns spent in this place as a percentage of turns spent in the entire game.
 B = Non-inter-level travel turns spent in this place as a percentage of non-inter-level travel turns spent in the entire game.
 C = Inter-level travel turns spent in this place as a percentage of turns spent in this place.
 D = Turns resting spent in this place as a percentage of non-inter-level travel turns spent in this place.
 E = Turns spent auto-exploring this place as a percentage of non-inter-level travel turns spent in this place.
 F = Non-inter-level travel turns spent in this place divided by the number of levels of this place that you've seen.
                   A       B       C       D       E      F
               +-------+-------+-------+-------+-------+----------------------
         Total | 100.0 | 100.0 |   1.9 |   1.3 |  82.5 | 699.0
       Dungeon | 100.0 | 100.0 |   1.9 |   1.3 |  82.5 | 699.0
               +-------+-------+-------+-------+-------+----------------------

Table legend:
 A = Kills in this place as a percentage of kills in entire the game.
 B = Kills by you in this place as a percentage of kills by you in the entire game.
 C = Kills by friends in this place as a percentage of kills by friends in the entire game.
 D = Other kills in this place as a percentage of other kills in the entire game.
 E = Experience gained in this place as a percentage of experience gained in the entire game.
 F = Experience gained in this place divided by the number of levels of this place that you have seen.
                   A       B       C       D       E      F
               +-------+-------+-------+-------+-------+----------------------
         Total | 100.0 | 100.0 |   N/A |   N/A | 100.0 |  32.0
       Dungeon | 100.0 | 100.0 |   N/A |   N/A | 100.0 |  32.0
               +-------+-------+-------+-------+-------+----------------------
